AoeStats
← Beisser

Nomad

509934587Analyzed
2v2 RM · 4d ago on Sep 28, 2026· 44m 57s· 4 players
Game mode
Random Map
Map size
176×176
Population
200
Speed
Normal
Resources
Standard
Victory
Conquest
Starting age
Dark Age
Ending age
Imperial Age
RankedLock teamsTeams togetherTeam positionsShared explorationLock speedFull tech treeHidden civsTurbo modeCheats
Victory
Defeat
🇩🇪 Spanish · Germany
1482
+12
🇨🇿 Dravidians · Czechia
1263
+22
🇨🇭 Inca · Switzerland
1393
-26
🇨🇭 Saracens · Switzerland
1393
-26
encore
3:34 Loom
14:01 Feudal Age
15:16 Double-Bit Axe
19:00 Castle Age
18:08 Stone Mining
18:35 Fishing Lines
20:06 Padded Archer Armor
24:48 Bow Saw
26:39 Fletching
30:50 Bodkin Arrow
32:57 Bloodlines
32:50 Husbandry
34:34 Leather Archer Armor
34:46 Gold Mining
34:38 Horse Collar
36:54 Wheelbarrow
39:37 Imperial Age
41:48 Chemistry
42:47 Scale Barding Armor
44:18 Chain Barding Armor
45:05 Fervor
HellOnion
6:09 Loom
12:48 Feudal Age
14:48 Town Watch
15:33 Double-Bit Axe
16:17 Fletching
18:31 Castle Age
18:32 Gold Mining
19:17 Bodkin Arrow
18:44 Crossbowman
24:01 Wheelbarrow
31:11 Horse Collar
32:48 Ballistics
36:17 Imperial Age
34:38 Bow Saw
36:39 Thumb Ring
39:08 Chemistry
38:59 Bracer
39:49 Arbalester
41:32 Padded Archer Armor
42:27 Conscription
43:18 Heavy Plow
44:21 Two-Man Saw
<|>o.o<|>
4:43 Loom
14:10 Feudal Age
15:18 Town Watch
18:29 Castle Age
16:29 Double-Bit Axe
17:41 Horse Collar
23:28 Bow Saw
25:44 Wheelbarrow
25:41 Fletching
26:58 Bodkin Arrow
27:05 Padded Archer Armor
27:20 Elite Skirmisher
31:59 Fishing Lines
36:53 Imperial Age
34:24 Gold Mining
39:06 Chemistry
39:39 Bracer
40:31 Leather Archer Armor
41:58 Ring Archer Armor
42:53 Ballistics
Beisser
12:53 Loom
15:56 Feudal Age
19:36 Castle Age
17:35 Fletching
20:03 Castle Age
18:35 Gold Mining
18:32 Double-Bit Axe
21:01 Medium Warships
21:45 Crossbowman
23:11 Bodkin Arrow
25:24 Padded Archer Armor
32:03 Horse Collar
33:05 Bow Saw
41:17 Imperial Age
42:01 Bracer
41:23 Arbalester
43:06 Leather Archer Armor
42:48 Elite Skirmisher
Connection lost

Rejoining the realm…

Still unreachable

The connection could not be restored.

Session expired

The server has moved on; the page needs a fresh start.